AoeStats
← themonkey626

Arabia

510429613Analyzed
2v2 RM · 2d ago on Oct 1, 2026· 41m 15s· 4 players
Game mode
Random Map
Map size
Medium (4 player)
Population
200
Speed
Normal
Resources
Standard
Victory
Conquest
Starting age
Dark Age
Ending age
Imperial Age
RankedLock teamsTeams togetherTeam positionsShared explorationLock speedFull tech treeHidden civsTurbo modeCheats
Victory
Defeat
🇨🇳 Vikings · China
1151
+16
🇺🇸 Magyars · United States
1137
+17
🇺🇸 Malians · United States
1170
-17
🇺🇸 Dravidians · United States
1150
-16
Jac12345
0:32 Loom
11:45 Feudal Age
17:30 Castle Age
17:10 Bloodlines
17:06 Stone Mining
20:14 Horse Collar
25:43 Scale Barding Armor
27:28 Chain Barding Armor
28:56 Wheelbarrow
28:40 Gold Mining
29:14 Town Watch
30:07 Heavy Plow
30:43 Hand Cart
31:19 Double-Bit Axe
32:14 Gold Shaft Mining
33:06 Bow Saw
33:29 Husbandry
36:18 Imperial Age
35:08 Corvinian Army
36:31 Elite Magyar Huszar
37:52 Plate Barding Armor
37:35 Treadmill Crane
39:38 Two-Man Saw
39:10 Crop Rotation
40:39 Masonry
40:33 Cavalier
流浪崖边草
6:24 Loom
9:43 Feudal Age
9:46 Man-at-Arms
10:35 Double-Bit Axe
15:29 Fletching
18:02 Padded Archer Armor
23:58 Castle Age
22:45 Horse Collar
23:00 Gold Mining
23:59 Crossbowman
24:37 Bodkin Arrow
26:23 Bow Saw
27:59 Ballistics
29:15 Forging
30:46 Iron Casting
35:55 Imperial Age
33:43 Heavy Plow
35:23 Gold Shaft Mining
35:07 Town Watch
35:59 Arbalester
37:02 Bracer
37:42 Masonry
39:26 Chemistry
38:46 Leather Archer Armor
41:10 Ring Archer Armor
40:36 Pikeman
yhadidi17
8:16 Loom
10:38 Feudal Age
10:59 Man-at-Arms
14:10 Double-Bit Axe
18:27 Fletching
23:16 Wheelbarrow
26:25 Castle Age
24:35 Horse Collar
26:32 Elite Skirmisher
29:34 Bodkin Arrow
30:59 Padded Archer Armor
35:45 Hand Cart
36:31 Bloodlines
37:03 Ballistics
44:02 Imperial Age
themonkey626
11:14 Feudal Age
9:32 Loom
11:23 Feudal Age
12:22 Double-Bit Axe
12:19 Horse Collar
13:21 Town Watch
13:55 Fletching
23:29 Castle Age
21:45 Gold Mining
21:52 Stone Mining
23:14 Padded Archer Armor
23:21 Padded Archer Armor
23:38 Pikeman
25:04 Bow Saw
25:04 Heavy Plow
27:00 Bodkin Arrow
28:35 Wheelbarrow
30:07 Thumb Ring
30:27 Forging
30:18 Scale Mail Armor
31:17 Hand Cart
32:32 Ballistics
34:20 Town Patrol
35:50 Scale Barding Armor
36:01 Leather Archer Armor
40:38 Imperial Age
38:36 Squires
40:49 Chain Mail Armor
41:13 Iron Casting
Connection lost

Rejoining the realm…

Still unreachable

The connection could not be restored.

Session expired

The server has moved on; the page needs a fresh start.